 Dungeon Crawl Stone Soup version 0.32-a0-656-g3542139ebd (webtiles) character file.

Game seed: 14528178264585694663

7288 Alarak the Blocker (level 11, -4/79 HPs)
             Began as a Djinni Hedge Wizard on Mar 8, 2024.
             Was a Priest of Makhleb.
             Killed from afar by a gargoyle (27 damage)
             ... with a stone arrow
             ... on level 10 of the Dungeon.
             The game lasted 01:00:19 (10390 turns).

Alarak the Blocker (Djinni Hedge Wizard)           Turns: 10390, Time: 01:00:23

Health: -4/79      AC: 11    Str:  9    XL:     11   Next: 34%
Gold:   659        EV: 14    Int: 20    God:    Makhleb [***...] SH:  6 Dex: 13

rFire   + + .        u - staff of air
rCold   x . .        z - +0 buckler
rNeg    + . .        C - +2 robe {Will+}
rPois   ∞            G - +2 hat {Stlth+}
rElec   +            H - +0 cloak
rCorr   .            (no gloves)
SInv    .            (boots unavailable)
Will    +++++        I - amulet of the Four Winds {rN+ Will+++ Clar}
Stlth   +++          v - +4 ring of slaying
HPRegen 0.33/turn    w - +4 ring of protection
MPRegen 0.00/turn

%: clarity, infuse magic (-5 HP)
@: flying
A: sickness immunity, fire resistance 2, cold vulnerability 1, float, innate
caster, HP casting, extra vitality 1
a: Renounce Religion, Minor Destruction, Lesser Servant of Makhleb


You were on level 10 of the Dungeon.
You worshipped Makhleb.
Makhleb was most pleased with you.
You visited 1 branch of the dungeon, and saw 10 of its levels.

You collected 659 gold pieces.

Inventory:

Missiles
 a - a throwing net
Armour
 b - an orb of mayhem
 c - a +0 hat
 z - a +0 buckler (worn)
 B - +0 steam dragon scales
 C - a +2 robe of willpower (worn)
 G - a +2 hat of stealth (worn)
 H - a +0 cloak (worn)
Magical Staves
 u - a staff of air (weapon)
Jewellery
 t - an amulet of reflection
 v - a +4 ring of slaying (left hand)
 w - a +4 ring of protection (right hand)
 I - the amulet of the Four Winds (around neck) {rN+ Will+++ Clar}
   (You found it on level 10 of the Dungeon)

   [amulet of nothing]

   rN+:       It protects you from negative energy.
   Will+++:   It greatly increases your willpower.
   Clar:      It protects you from confusion, rage, mesmerisation and fear.
Wands
 e - a wand of quicksilver (8)
 l - a wand of charming (5)
 y - a wand of polymorph (8)
 A - a wand of flame (12)
 D - a wand of roots (7)
 F - a wand of digging (5)
Scrolls
 i - 2 scrolls of enchant weapon
 n - a scroll of blinking
 o - a scroll of poison
 r - a scroll of revelation
 x - a scroll of immolation
Potions
 d - a potion of cancellation
 f - 5 potions of curing
 g - 3 potions of degeneration
 h - 2 potions of haste {unknown}
 j - 2 potions of heal wounds
 k - a potion of brilliance
 m - 2 potions of lignification
 p - 3 potions of might
 q - 3 potions of enlightenment
 s - a potion of mutation {unknown}
 E - 2 potions of invisibility {unknown}


   Skills:
 - Level 7.0 Fighting
 - Level 7.2 Dodging
 - Level 1.5 Stealth
 - Level 9.3 Shields
 - Level 8.1 Spellcasting
 - Level 8.1 Conjurations
 - Level 8.1 Hexes
 - Level 8.1 Summonings
 - Level 8.1 Necromancy
 - Level 8.1 Translocations
 - Level 8.1 Fire Magic
 - Level 8.1 Ice Magic
 - Level 8.1 Air Magic
 - Level 8.1 Earth Magic
 - Level 8.1 Alchemy
 + Level 3.6 Evocations


You knew the following spells:

 Your Spells              Type           Power      Damage    Failure   Level
a - Magic Dart            Conj           100%       1d8       1%          1
b - Slow                  Hex            100%       N/A       1%          1
c - Blink                 Tloc           80%        N/A       1%          2
d - Call Imp              Summ           80%        N/A       1%          2
e - Mephitic Cloud        Conj/Alch/Air  57%        N/A       1%          3
f - Foxfire               Conj/Fire      100%       2x1d9     1%          1
g - Searing Ray           Conj           80%        2d7       1%          2
h - Momentum Strike       Conj/Tloc      80%        3d10      1%          2
i - Manifold Assault      Tloc           40%        N/A       4%          4
j - Anguish               Hex/Necr       20%        N/A       4%          4
Your spell library was empty.

Dungeon Overview and Level Annotations

Branches:
Dungeon (10/15)            Temple (0/1) D:6            Lair (0/5) D:8
    Orc: D:9-12

Altars:
Dithmenos
Elyvilon
Makhleb
Nemelex Xobeh
Qazlal
Trog
Uskayaw
Wu Jian
Yredelemnul
The Shining One


Innate Abilities, Weirdness & Mutations

You are immune to sickness and miasma.
You are immune to poison.
Your flesh is very heat resistant. (rF++)
You are vulnerable to cold. (rC-)
You float through the air rather than walking.
You learn spells naturally, not from books.
Your magical power is your life essence.
You have superior vitality. (+4 MHP)


Message History

Press: ? - help, Shift-Dir - straight line, f/p - gargoyle
Aim: a gargoyle, wielding a +0 mace (moderately damaged, ally target, 91% to hit)
The searing ray hits the gargoyle but does no damage.
The gargoyle is moderately damaged. (Press . to maintain the ray.)
The gargoyle hits you with a +0 mace.
Your cerulean imp hits the gargoyle but does no damage.
The searing ray misses the gargoyle.
The gargoyle hurls a stone arrow at you.
The stone arrow hits you!
Your cerulean imp hits the gargoyle from afar with a +0 spear.
The searing ray hits the gargoyle but does no damage.
The gargoyle is moderately damaged.
The gargoyle closely misses you.
Your cerulean imp completely misses the gargoyle.
The searing ray hits the gargoyle but does no damage.
The gargoyle is moderately damaged.
You finish channelling your searing ray.
The gargoyle hurls a stone arrow at you.
The stone arrow hits you!
* * * LOW HITPOINT WARNING * * *
Your cerulean imp hits the gargoyle from afar with a +0 spear.
Blink to where?
Press: ? - help, Dir - move target, p - gargoyle
As you read the scroll of blinking, it crumbles to dust.
You are too injured to fight recklessly!
Casting: Searing Ray (safe; 1% risk of failure)
Confirm with . or Enter, or press ? or * to list all spells.
Aiming: Magic Dart (safe; 1% risk of failure)
Press: ? - help, Shift-Dir - straight line, f - gargoyle
Aim: a gargoyle, wielding a +0 mace (translocational energy, heavily damaged, ally target, 100% to hit)
Okay, then.
Casting: Magic Dart (safe; 1% risk of failure)
Confirm with . or Enter, or press ? or * to list all spells.
You conjure some foxfire!
* * * LOW HITPOINT WARNING * * *
Your cerulean imp hits the gargoyle but does no damage.
The gargoyle hurls a stone arrow at you.
The stone arrow hits you!!
You die...

...........#.....#.........
##########'###'###.........
#.......#.........
#.......#.......
#.......#.....#
#.......#...=.#
#.......#.9.5.#
#.....v.#.....#
#.....v@......#
#..####+####..# +.. ..# #.
###


You could see a gargoyle (ally target) and a friendly cerulean imp (summoned).

Vanquished Creatures
  Gastronok (D:8)
  A two-headed ogre (D:8)
  Pikel (D:5)
  Maurice (D:8)
  Jeremiah (D:7)
  Grinder (D:4)
  A vampire (D:10)
  A shadow (D:10)
  5 yaks (D:9)
  Grum (D:8)
  A steam dragon (D:8)
  An acid dragon (D:10)
  Duvessa (D:5)
  2 orc warriors (D:9)
  2 black bears
  3 wolves (D:8)
  A centaur (D:8)
  A lemure (D:5)
  4 ogres
  2 phantoms
  A wyvern zombie (D:8)
  2 kobold brigands
  A bullfrog (D:9)
  2 scorpions (D:5)
  4 wights (D:9)
  Dowan (D:5)
  5 killer bees (D:7)
  3 howler monkeys
  A bombardier beetle (D:4)
  A human zombie (D:8)
  A sleepcap (D:7)
  Jessica (D:2)
  2 iguanas
  2 scorpion zombies (D:4)
  Natasha (thrice) (D:4)
  2 killer bee zombies (D:8)
  3 mummies (D:8)
  A howler monkey zombie (D:4)
  9 gnolls
  5 adders
  2 shadow imps (D:6)
  An adder skeleton (D:4)
  2 adder zombies (D:4)
  3 dart slugs
  A ribbon worm (D:2)
  14 orcs
  3 ball pythons
  8 endoplasms
  6 giant cockroaches
  8 goblins
  7 hobgoblins
  3 quokkas
  3 bats (D:1)
  3 frilled lizards (D:1)
  12 kobolds
  7 rats
165 creatures vanquished.

Vanquished Creatures (collateral kills)
  2 weeping skulls (D:8)
  A howler monkey (D:7)
  2 centaur zombies (D:8)
  A hound (D:7)
  An orc priest (D:9)
  An iguana (D:5)
  A mummy (D:8)
  An adder (D:2)
  2 gnolls
  7 orcs
  3 ball pythons
  2 endoplasms
  A hobgoblin (D:3)
  3 kobolds
  A rat (D:1)
29 creatures vanquished.

Vanquished Creatures (others)
  A yak (D:9)
  A gnoll (D:3)
  792 foxfires
794 creatures vanquished.

Grand Total: 988 creatures vanquished

Notes
Turn   | Place    | Note
-------+----------+-------------------------------------------
     0 | D:1      | Alarak the Djinni Hedge Wizard began the quest for the Orb.
     0 | D:1      | Alarak set off with the following spells memorised: Magic
                  | Dart, Slow, Blink, Call Imp, Mephitic Cloud.
     0 | D:1      | Reached XP level 1. HP: 15/15 MP: 0/0
   110 | D:1      | Reached XP level 2. HP: 18/21 MP: 0/0
   259 | D:1      | Reached XP level 3. HP: 18/25 MP: 0/0
   259 | D:1      | Learned a level 1 spell: Foxfire
   918 | D:2      | Noticed Jessica
   926 | D:2      | Killed Jessica
   927 | D:2      | Reached XP level 4. HP: 2/31 MP: 0/0
  1511 | D:2      | Reached XP level 5. HP: 31/35 MP: 0/0
  1511 | D:2      | Learned a level 2 spell: Searing Ray
  1526 | D:2      | Found a faded altar of an unknown god.
  1946 | D:3      | Found a shadowy altar of Dithmenos.
  2268 | D:3      | Found a hide-covered altar of Uskayaw.
  2388 | D:3      | Reached skill level 5 in Spellcasting
  2388 | D:3      | Reached skill level 5 in Conjurations
  2388 | D:3      | Reached skill level 5 in Hexes
  2388 | D:3      | Reached skill level 5 in Summonings
  2388 | D:3      | Reached skill level 5 in Necromancy
  2388 | D:3      | Reached skill level 5 in Translocations
  2388 | D:3      | Reached skill level 5 in Fire Magic
  2388 | D:3      | Reached skill level 5 in Ice Magic
  2388 | D:3      | Reached skill level 5 in Air Magic
  2388 | D:3      | Reached skill level 5 in Earth Magic
  2388 | D:3      | Reached skill level 5 in Alchemy
  2648 | D:3      | Found a glowing golden altar of the Shining One.
  2651 | D:3      | Found an ornate altar of the Wu Jian Council.
  2657 | D:3      | Found a sparkling altar of Nemelex Xobeh.
  2707 | D:4      | Noticed Grinder
  2718 | D:4      | Killed Grinder
  2719 | D:4      | Reached XP level 6. HP: 19/40 MP: 0/0
  2719 | D:4      | Reached XP level 7. HP: 22/45 MP: 0/0
  2719 | D:4      | Learned a level 2 spell: Momentum Strike
  2820 | D:4      | Found a bloodstained altar of Trog.
  2935 | D:4      | Found a burning altar of Makhleb.
  2951 | D:4      | Became a worshipper of Makhleb the Destroyer
  3466 | D:4      | Noticed Natasha
  3473 | D:4      | Killed Natasha
  3599 | D:4      | Identified the +4 dagger of Tender Mercy {pain, *Rage rElec
                  | Str-3 SInv}
  3763 | D:5      | Entered Level 5 of the Dungeon
  3968 | D:5      | Noticed Duvessa
  3970 | D:5      | Noticed Dowan
  3978 | D:5      | Killed Duvessa
  3979 | D:5      | Reached skill level 5 in Dodging
  3979 | D:5      | Reached XP level 8. HP: 21/50 MP: 0/0
  3983 | D:5      | Killed Dowan
  4437 | D:5      | Reached skill level 1 in Fighting
  4690 | D:5      | Reached * piety under Makhleb
  4746 | D:5      | Noticed Pikel
  4761 | D:5      | Killed Pikel
  4762 | D:5      | Reached XP level 9. HP: 35/66 MP: 0/0
  4762 | D:5      | Learned a level 4 spell: Manifold Assault
  5544 | D:6      | Found a staircase to the Ecumenical Temple.
  5871 | D:4      | Noticed Natasha
  5875 | D:4      | Killed Natasha
  6108 | D:4      | Noticed Natasha
  6114 | D:4      | Killed Natasha
  6753 | D:7      | Identified the +5 great mace "Ywkihaf" {elec, +Blink rN+
                  | Int+2 Stlth+}
  6794 | D:7      | Reached skill level 1 in Shields
  6805 | D:7      | Reached skill level 2 in Shields
  6902 | D:7      | Reached skill level 3 in Shields
  7237 | D:7      | Reached skill level 4 in Shields
  7237 | D:7      | Noticed Jeremiah
  7263 | D:7      | Killed Jeremiah
  7264 | D:7      | Reached skill level 5 in Shields
  7264 | D:7      | Reached XP level 10. HP: 36/75 MP: 0/0
  7649 | D:7      | Found a stormy altar of Qazlal.
  7788 | D:8      | Noticed Maurice
  7824 | D:8      | Killed Maurice
  7825 | D:8      | Reached skill level 6 in Shields
  7826 | D:8      | Reached ** piety under Makhleb
  7920 | D:8      | Noticed a two-headed ogre
  7943 | D:8      | Killed a two-headed ogre
  7944 | D:8      | Reached skill level 7 in Shields
  8177 | D:8      | Found a staircase to the Lair.
  8196 | D:8      | Noticed Gastronok
  8221 | D:8      | Noticed Grum
  8512 | D:8      | Killed Gastronok
  8513 | D:8      | Reached skill level 9 in Shields
  8788 | D:8      | Found a basalt altar of Yredelemnul.
  9269 | D:8      | Found a white marble altar of Elyvilon.
  9335 | D:8      | Killed Grum
  9336 | D:8      | Reached XP level 11. HP: 70/79 MP: 0/0
  9336 | D:8      | Learned a level 4 spell: Anguish
  9755 | D:9      | Reached skill level 1 in Evocations
 10016 | D:9      | Reached *** piety under Makhleb
 10128 | D:10     | Entered Level 10 of the Dungeon
 10178 | D:10     | Found the amulet of the Four Winds {rN+ Will+++ Clar}
 10390 | D:10     | Killed from afar by a gargoyle

Illustrated notes

Levels and vault maps discovered:
D:1:      grunt_arrival_crossed_arrows, layout_basic, item_on_display_a
D:2:      layout_rooms, ebering_ecumenical_altar_box, minmay_misc_feat_tiny,
          kennysheep_donut, minmay_misc_feat_encased, kennysheep_generic_room_9,
          uniq_jessica
D:3:      layout_basic, nicolae_overflow_crystal_walls,
          nicolae_vehumet_radiance, mainiacjoe_overflow_surrounded_room,
          grunt_temple_overflow_diamond
D:4:      layout_basic, trog_three_pillars_becter, mainiacjoe_overflow_brackets,
          dilly_guarded_unrand_morg, uniq_grinder
D:5:      layout_layer_cave, uniq_duvessa, uniq_pikel
D:6:      layout_cave_pools, minmay_temple_entry_tees
D:7:      layout_loops_ring, mainiacjoe_overflow_small_starburst, uniq_jeremiah
D:8:      layout_rooms, nicolae_elyvilon_temple_path,
          lemuel_mausoleum_altar_yredelemnul, dpeg_oklobed_lair, uniq_gastronok,
          uniq_grum, uniq_maurice
D:9:      layout_rooms, old_standard_altar, unseen_surprise_small
D:10:     layout_grid_maze, mainiacjoe_overflow_alcove_2,
          mainiacjoe_overflow_six_doors_small, minmay_orc_entry_temple_small,
          uniq_erolcha

Skill      XL: |  1  2  3  4  5  6  7  8  9 10 11 |
---------------+----------------------------------+-----
Spellcasting   | 4 6 7 8 |  8.1
Conjurations   | 4 6 7 8 |  8.1
Hexes          | 4 6 7 8 |  8.1
Summonings     | 4 6 7 8 |  8.1
Necromancy     | 4 6 7 8 |  8.1
Translocations | 4 6 7 8 |  8.1
Fire Magic     | 4 6 7 8 |  8.1
Ice Magic      | 4 6 7 8 |  8.1
Air Magic      | 4 6 7 8 |  8.1
Earth Magic    | 4 6 7 8 |  8.1
Alchemy        | 4 6 7 8 |  8.1
Dodging        | 5 7 |  7.2
Fighting       | 6 7 |  7.0
Shields        | 5 9 |  9.3
Evocations     | 3 |  3.6
Stealth        | |  1.5

Action                     |  1- 3 |  4- 6 |  7- 9 | 10-12 || total
---------------------------+-------+-------+-------+-------++-------
  Melee: Dagger            |     1 |     2 |       |       ||     3
         Staff             |       |       |     9 |     5 ||    14
   Cast: Magic Dart        |    44 |     9 |     6 |     1 ||    60
         Call Imp          |     5 |    22 |    35 |    28 ||    90
         Blink             |     2 |     2 |     1 |     1 ||     6
         Slow              |     1 |     1 |     5 |     6 ||    13
         Foxfire           |    11 |    60 |   212 |   182 ||   465
         Mephitic Cloud    |       |     3 |    21 |    28 ||    52
         Searing Ray       |       |     1 |    13 |    26 ||    40
         Momentum Strike   |       |       |     1 |     2 ||     3
         Anguish           |       |       |       |     3 ||     3
         Manifold Assault  |       |       |       |     1 ||     1
    Use: Scroll            |       |     8 |     7 |     3 ||    18
   Stab: Sleeping          |     1 |       |       |       ||     1
         Distracted        |       |       |     1 |       ||     1
         Confused          |       |       |     3 |     1 ||     4
 Armour: Robe              |     4 |    10 |    14 |    42 ||    70
  Dodge: Dodged            |     2 |    15 |    12 |    37 ||    66
  Block: Buckler           |       |       |     9 |    37 ||    46
         Reflection        |       |       |     1 |     2 ||     3

Table legend: (Time is in decaauts)
 A = Elapsed time spent in this place.
 B = Non-inter-level travel time spent in this place.
 C = Inter-level travel time spent in this place.
 D = Time resting spent in this place.
 E = Time spent auto-exploring this place.
 F = Levels seen in this place.
 G = Mean time per level.
                   A        B        C        D        E       F      G
               +--------+--------+--------+--------+--------+-----+--------+
         Total |  10398 |   9100 |   1298 |   1874 |   5714 |  10 | 1039.8 |
       Dungeon |  10398 |   9100 |   1298 |   1874 |   5714 |  10 | 1039.8 |
               +--------+--------+--------+--------+--------+-----+--------+

Top non-repeatable levels by time:
     D:8: 1681 daAuts
     D:4: 1663 daAuts
     D:5: 1590 daAuts
     D:3: 1139 daAuts
     D:7: 1102 daAuts
     D:1: 1027 daAuts
     D:2: 665 daAuts
     D:9: 663 daAuts
     D:6: 602 daAuts
    D:10: 261 daAuts
